 Dungeon Crawl Stone Soup version 0.29.1-1-gd02db6906a (webtiles) character file.

Game seed: 17785733809786109854

109 mopl the Poker (level 4, 0/35 (36) HPs)
             Began as a Palentonga Gladiator on Oct 21, 2022.
             Slain by Crazy Yiuf
             ... wielding a +4 quarterstaff of chaos
              (15 damage)
             ... on level 2 of the Dungeon.
             The game lasted 00:02:14 (1675 turns).

mopl the Poker (Palentonga Gladiator)               Turns: 1675, Time: 00:02:14

HP:   0/35 (36)     AC:  9    Str: 21    XL:     4   Next: 59%
MP:   4/4           EV:  4    Int:  9    God:
Gold: 102           SH:  0    Dex: 11    Spells: 3/3 levels left

rFire   . . .      SeeInvis +   a - +0 trident
rCold   + . .      Faith    .   (no shield)
rNeg    . . .      Spirit   .   g - +0 plate armour
rPois   .          Reflect  .   c - +0 helmet
rElec   .          Harm     .   (no cloak)
rCorr   .          Rampage  .   (no gloves)
Will    .....                   (no barding)
Stlth   ..........              (no amulet)
HPRegen 0.11/turn               m - ring of protection from cold
MPRegen 0.09/turn               (no ring)

@: lightly drained
A: large, rugged brown scales 3, see invisible, deformed body, roll 1, armoured
tail
a: Rolling Charge


You were on level 2 of the Dungeon.
You visited 1 branch of the dungeon, and saw 2 of its levels.

You collected 102 gold pieces.

Inventory:

Hand Weapons
 a - a +0 trident (weapon)
Missiles
 e - a javelin (quivered)
Armour
 c - a +0 helmet (worn)
 g - a +0 plate armour (worn)
Jewellery
 j - a ring of ice
 m - a ring of protection from cold (left hand)
 n - a ring of poison resistance
Scrolls
 f - a scroll of teleportation {unknown}
 i - 2 scrolls of enchant weapon {unknown}
 k - 2 scrolls of identify {unknown}
Potions
 b - 3 potions of curing {unknown}
 h - a potion of flight {unknown}
 l - a potion of brilliance {unknown}


   Skills:
 + Level 2.8 Fighting
 * Level 3.5 Polearms
 + Level 1.8 Throwing
 + Level 1.1 Armour
 + Level 2.9 Dodging


You had 3 spell levels left.
You didn't know any spells.
Your spell library was empty.

Dungeon Overview and Level Annotations

Branches:
Dungeon (2/15)

Altars:

Annotations:
D:2 Crazy Yiuf


Innate Abilities, Weirdness & Mutations

You are completely covered in rugged brown scales. (AC +3, +7% HP)
You have supernaturally acute eyesight. (SInv)
Armour fits poorly on your strangely shaped body.
You can roll at nearby foes to attack.
You have a long armoured tail.


Message History

Found two hammers.
You see here a +0 hammer.
You see here a +0 hammer.
You see here a +0 hammer.
Found a hammer.
Found a runed translucent door.
Crazy Yiuf shouts!
Crazy Yiuf laughs, "Flower bag snail!"
Saving game... please wait.
Level annotation: 1 runed translucent door, Crazy Yiuf Welcome back, mopl the Palentonga Gladiator.
Press ? for a list of commands and other information.
You open the door.
Throw: 3 throwing nets
Press: ? - help, Q - select action, (/) - cycle Shift-Dir - straight line, f - Crazy Yiuf
Aim: Crazy Yiuf, wielding a +4 quarterstaff of chaos and wearing a +1 cloak of stealth (60% to hit)
Okay, then.
Throw: 3 throwing nets
Press: ? - help, Q - select action, (/) - cycle Shift-Dir - straight line, f - Crazy Yiuf
Aim: Crazy Yiuf, wielding a +4 quarterstaff of chaos and wearing a +1 cloak of stealth (60% to hit)
You throw a throwing net.
The throwing net barely misses Crazy Yiuf.
Crazy Yiuf hits you with a +4 quarterstaff of chaos.
You feel drained.
Throw: 2 throwing nets
Press: ? - help, Q - select action, (/) - cycle Shift-Dir - straight line, f/p - Crazy Yiuf
Aim: Crazy Yiuf, wielding a +4 quarterstaff of chaos and wearing a +1 cloak of stealth (60% to hit)
You throw a throwing net.
The throwing net closely misses Crazy Yiuf.
Crazy Yiuf hits you with a +4 quarterstaff of chaos!
Crazy Yiuf burns you.
Throw: throwing net
Press: ? - help, Q - select action, (/) - cycle Shift-Dir - straight line, f/p - Crazy Yiuf
Aim: Crazy Yiuf, wielding a +4 quarterstaff of chaos and wearing a +1 cloak of stealth (60% to hit)
You throw a throwing net.
The throwing net closely misses Crazy Yiuf.
Crazy Yiuf hits you with a +4 quarterstaff of chaos.
You hit Crazy Yiuf.
Crazy Yiuf is moderately wounded.
Crazy Yiuf hits you with a +4 quarterstaff of chaos!
You die...

##..#.##
#.#.).).............
##....#
#.#<#.############..
##...# #.#.#.# #..
#.### ####### #.. #.#
#.. ##.# #.. #..####
### #.. #..#..##
###..)# ######..
#....))####@g..(#
#....#..
##.).)#.#..##...#
###....#.. ###...#.###
### #......... #######
###....#.# ######.#
#####################.#
#....##...............#
###.........####.......
#...#)##[.####.......


You could see Crazy Yiuf.

Vanquished Creatures
  An iguana (D:2)
  3 adders (D:2)
  A worm (D:2)
  2 dart slugs
  5 endoplasms
  2 giant cockroaches (D:1)
  10 goblins
  7 hobgoblins
  4 ball pythons
  2 bats
  2 frilled lizards (D:1)
  6 kobolds
  4 rats
49 creatures vanquished.

Notes
Turn   | Place    | Note
-------+----------+-------------------------------------------
     0 | D:1      | mopl the Palentonga Gladiator began the quest for the Orb.
     0 | D:1      | Reached XP level 1. HP: 17/17 MP: 1/1
   131 | D:1      | Reached XP level 2. HP: 21/23 MP: 2/2
   245 | D:1      | Reached skill level 3 in Polearms
   249 | D:1      | Found a faded altar of an unknown god.
   950 | D:2      | Reached XP level 3. HP: 29/29 MP: 3/3
  1130 | D:2      | Reached skill level 1 in Armour
  1139 | D:2      | Reached XP level 4. HP: 18/36 MP: 4/4
  1667 | D:2      | Found a runed translucent door.
  1668 | D:2      | Noticed Crazy Yiuf
  1675 | D:2      | Slain by Crazy Yiuf

Illustrated notes

Levels and vault maps discovered:
D:1:      dpeg_arrival_lava_altar, layout_basic, ebering_ecumenical_altar_rust,
          minmay_close_crescents
D:2:      layout_basic, minmay_small_reverse_x, uniq_crazy_yiuf_cottage

Skill      XL: |  1  2  3 |
---------------+----------+-----
Polearms       | 3 |  3.5
Armour         | 1 |  1.1
Fighting       | |  2.8
Throwing       | |  1.8
Dodging        | |  2.9

Action                   |  1- 3 |  4- 6 || total
-------------------------+-------+-------++-------
Melee: Trident           |    92 |    40 ||   132
       Tailslap          |     6 |     6 ||    12
       Punch             |     1 |       ||     1
Throw: Throwing net      |       |     3 ||     3
 Stab: Sleeping          |     1 |       ||     1
Armor: Leather armour    |     6 |       ||     6
       Plate armour      |    40 |    15 ||    55
Dodge: Dodged            |    13 |     3 ||    16
